cohdb
Replays
Latest Replays
All Replays
Popular Replays
Top Player Replays
Match Explorer
How It Works
Community
CoH3 Stats
Reddit
Sign in to upload your games and track your stats! →
Sign in with Steam
Match 38649932
Unlisted
Match 38649932
Overview
Messages
Build Orders
End
Construct Section Command Post
Infantry Section
Infantry Section
Infantry Section
Selects Heavy Armor Battlegroup
Infantry Section
Construct Field Infirmary
Selects Rigorous Vehicle Training
Grenade Package
Construct Platoon Command Post
Infantry Training
6-pounder Anti-tank Gun Team
Selects Crusader AA Medium Tank
Crusader AA Medium Tank
6-pounder Anti-tank Gun Team
6-pounder Anti-tank Gun Team
Royal Engineer Section
Vickers Machine Gun Team
Royal Engineer Section
Açucar Macabro
ConcernedApe
CallSignStrider
Lilfuture
0
0
Comments
sign in to comment!
No comments posted yet!